 Dungeon Crawl Stone Soup version 0.23.2-40-g277498a001 (webtiles) character file.

Game seed: 1928651074742774354

392 Curus the Insei (level 6, 0/47 HPs)
             Began as a Merfolk Transmuter on Sept 30, 2019.
             Killed by divine providence
             ... invoked by an orc priest
              (12 damage)
             ... on level 4 of the Dungeon.
             The game lasted 00:12:18 (2836 turns).

Curus the Insei (Merfolk Transmuter)                Turns: 2836, Time: 00:12:19

Health: 0/47       AC:  3    Str: 11    XL:     6   Next: 80%
Magic:  7/9        EV: 13    Int: 14    God:
Gold:   140        SH:  0    Dex: 14    Spells: 5/9 levels left

rFire    . . .     SeeInvis .     - Unarmed
rCold    . . .     Gourm    .   (no shield)
rNeg     . . .     Faith    .   b - +1 robe
rPois    .         Spirit   .   (no helmet)
rElec    .         Reflect  .   (no cloak)
rCorr    .         Harm     +   (no gloves)
MR       .....                  (no boots)
Stlth    +.........             f - amulet of harm
HPRegen  0.15/turn              (no ring)
MPRegen  0.11/turn              (no ring)

@: no status effects
A: change form in water, swift swim, stealthy swim, robust 1
a: no special abilities


You were on level 4 of the Dungeon.
You were not hungry.

You visited 1 branch of the dungeon, and saw 4 of its levels.

You collected 140 gold pieces.

Inventory:

Missiles
 a - 52 arrows
Armour
 b - a +1 robe (worn)
 g - a +0 robe
Jewellery
 f - an amulet of harm (around neck)
Wands
 c - a wand of disintegration (10)
 k - a wand of digging (4)
Scrolls
 e - a scroll of identify
 j - 2 scrolls of remove curse
 m - a scroll of teleportation
 n - a scroll of magic mapping {unknown}
 o - a scroll of enchant armour
 p - a scroll of amnesia
Potions
 h - a potion of flight
 i - a potion of brilliance
 l - a potion of heal wounds
Comestibles
 d - 6 rations


   Skills:
 - Level 1.1 Fighting
 - Level 2.6 Dodging
 + Level 6.4 Unarmed Combat
 - Level 2.0 Spellcasting
 - Level 4.9 Transmutations
 - Level 3.1 Poison Magic


You had 5 spell levels left.
You knew the following spells:

 Your Spells              Type           Power        Failure   Level  Hunger
a - Beastly Appendage     Tmut           ###...       3%          1    ##.....
b - Spider Form           Tmut/Pois      ##........   14%         3    ####...

Your spell library contained the following spells:

 Spells                   Type           Power        Failure   Level  Hunger
 Sticks to Snakes         Tmut           ###.....     4%          2    ###....
 Ice Form                 Ice/Tmut       #.......     65%         4    #####..
 Blade Hands              Tmut           ###.......   65%         5    ######.


Dungeon Overview and Level Annotations

Branches:
Dungeon (4/15)
 Temple: D:4-7

Altars:
Gozag
Ru
Zin


Innate Abilities, Weirdness & Mutations

You revert to your normal form in water You are very nimble and swift while swimming.
You are very stealthy in the water. (Stealth+)
You are robust. (+10% HP)


Message History

Found a scroll labeled DEAL RUEKHOIR.
You see here a scroll of remove curse.
j - 2 scrolls of remove curse (gained 1)
Your transformation is almost over.
The phantom blinks!
Found a book of Changes and a scroll of enchant armour.
Found a scroll of amnesia.
n - a scroll labeled DEAL RUEKHOIR
Found a yellow potion.
Found a potion of curing.
Your transformation has ended.
Your +1 robe unmelds from your body.
o - a scroll of enchant armour An orc priest comes into view.
It is wielding a +0 dagger.
An orc wizard comes into view. It is wielding a +0 dagger.
You see here a scroll of amnesia.
p - a scroll of amnesia The orc priest mumbles some strange prayers to Beogh against you.
Beogh smites you!
You die...

...... .o.... ....!. ..o.!###
#.....#### .... #........## ..
... ..#.........##### ..##..#
.......@....#...## ......
#...#...##:.W....# ## ..#..####..
#.......#.#..##.#### ..#........
##.....##.##..#..#.. ...........
#......##........... .....###...
##.##.......##......
.............### ##......#.......
.....[.....>..## #.......W.......
.......<........##...............


You could see a phantom, an orc priest and an orc wizard.

Vanquished Creatures
  Sigmund (D:2)
  A hound (D:4)
  An orc wizard (D:3)
  An orc priest (D:4)
  3 worker ants (D:4)
  2 adders
  A worm (D:3)
  A dart slug (D:1)
  9 orcs
  6 bats
  3 giant cockroaches
  4 goblins
  4 hobgoblins
  2 quokkas
  A ball python (D:2)
  3 frilled lizards
  7 kobolds
  A quokka skeleton (D:4)
  10 rats
61 creatures vanquished.

Notes
Turn   | Place    | Note
-------+----------+-------------------------------------------
     0 | D:1      | Curus the Merfolk Transmuter began the quest for the Orb.
     0 | D:1      | Reached XP level 1. HP: 15/15 MP: 3/3
   119 | D:1      | Reached XP level 2. HP: 19/21 MP: 5/5
   121 | D:1      | Reached skill level 4 in Unarmed Combat
   415 | D:1      | Reached XP level 3. HP: 25/26 MP: 6/6
   420 | D:1      | Learned a level 3 spell: Spider Form
   791 | D:2      | Noticed Sigmund
   795 | D:2      | Found an opulent altar of Gozag.
   802 | D:2      | Killed Sigmund
   802 | D:2      | Reached XP level 4. HP: 19/32 MP: 3/7
   802 | D:2      | Reached XP level 5. HP: 22/37 MP: 3/8
   864 | D:2      | Gained mutation: You are partially covered in icy blue
                  | scales. (AC +2) [potion of mutation]
   864 | D:2      | Lost mutation: You are partially covered in icy blue
                  | scales. (AC +2) [potion of mutation]
   864 | D:2      | Gained mutation: You are robust. (+10% HP) [potion of
                  | mutation]
  1348 | D:2      | Found a sacrificial altar of Ru.
  1445 | D:3      | Found a glowing silver altar of Zin.
  2038 | D:3      | Reached skill level 5 in Unarmed Combat
  2044 | D:3      | Reached XP level 6. HP: 23/47 MP: 5/9
  2729 | D:4      | Reached skill level 6 in Unarmed Combat
  2816 | D:4      | Noticed a phantom
  2836 | D:4      | Killed from afar by an orc priest

Skill      XL: |  1  2  3  4  5  6 |
---------------+-------------------+-----
Unarmed Combat | 4 5 6 |  6.4
Transmutations | 4 |  4.9
Poison Magic   | 3 |  3.1
Fighting       | |  1.1
Dodging        | |  2.6
Spellcasting   | |  2.0

Action                   |  1- 3 |  4- 6 || total
-------------------------+-------+-------++-------
Melee: Unarmed           |    76 |   126 ||   202
       Headbutt          |     2 |     4 ||     6
       Punch             |       |     2 ||     2
 Cast: Beastly Appendage |     3 |     8 ||    11
       Spider Form       |     1 |     6 ||     7
  Use: Scroll            |     2 |     5 ||     7
       Potion            |     3 |     3 ||     6
 Stab: Sleeping          |     2 |       ||     2
  Eat: Ration            |       |     2 ||     2
       Chunk             |       |     1 ||     1
Armor: Robe              |    14 |     7 ||    21
       Skin              |       |     1 ||     1
Dodge: Dodged            |    34 |    83 ||   117
